woodfighter, lawful female dwarven Priestess ---------------- ##########################################...............| ------------ # |........).....| |..........| ### ------------- ##.....<.........| |..........| # |`.........`| # -.-------------- |........^..## |.....`.....| # ####### -------.---- @a######)####-...-----...| # # # # |...|.{.|...| ### ### # |..`|{.{|`..| -----# # # |...|.{.|...| |...|# ### ## ##-...--.--...| ....|# # -----.- # |.....`.....|# |...|# ---.--- |....[)#[##)###))######### |`.........`-## |...|# |.....| |.....| -------------## .>...# |.....| |.^....######``########################## -----##########......| ------- |.....| ------- woodfighter the Adept Experience level: 6 Strength: 12 Dexterity: 13 Constitution: 11 Intelligence: 17 Wisdom: 10 Charisma: 12 Health: 0(45) Energy: 25(25) Def: 6 Gold: 24 Moves: 3779 Dungeon seed: 77irl-JQ-PuT-dNY Game ID: woodfighter_1548000392 Your Inventory: Coins $ - 24 gold pieces Weapons a - a blessed rusty +1 mace (weapon in hand) R - a +0 orcish spear S - a blessed +2 orcish spear named Spear of Justice T - a blessed +2 orcish spear (in quiver) Armor e - a +0 robe (being worn) n - a +0 small shield (being worn) q - a +0 mummy wrapping y - a +2 pair of water walking boots (being worn) z - a cursed -1 helm of brilliance Comestibles d - 5 sprigs of wolfsbane I - 2 food rations Scrolls v - 2 scrolls of scare monster A - 2 scrolls of identify C - a cursed scroll of remove curse D - a blessed scroll of gold detection F - a scroll of light Spellbooks g - a spellbook of protection h - a spellbook of light i - a spellbook of detect monsters G - a spellbook of jumping Potions b - 4 potions of holy water t - a cursed potion of object detection J - a potion of sleeping P - a cursed potion of hallucination Q - 2 potions of hallucination Rings u - a cursed ring of hunger Wands f - a blessed wand of cancellation (0:1) l - a wand of light (0:14) Tools w - a magic whistle H - a magic flute (0:6) Gems r - a worthless piece of red glass N - a worthless piece of black glass Spells and supernatural/magical abilities: Name Level Category Fail Memory l - light 1 divination 0% 82% n - detect monsters 1 divination 0% 82% p - protection 1 clerical 0% 82% W - pray for help -- divine ? -- X - turn undead -- divine ? -- Your skills at the end: Miscellaneous Skills shield [Basic] wands [Basic] Weapon Skills pick-axe [Basic] mace [Basic] Spellcasting Skills clerical spells [Basic] Final Attributes: You were stridently aligned. You had infravision. You could walk on water. You were lucky. You are dead. Vanquished creatures: a small mimic a gnome mummy 4 Uruk-hai 2 rock piercers a violet fungus an elf zombie a kitten a jitterbug 2 giant bats 2 gas spores a large kobold 3 geckos 2 giant rats a yellow mold 3 manes a gnome zombie 4 jackals a fox a kobold 7 newts 3 goblins 9 grid bugs 2 bats 2 lichens a kobold zombie 57 creatures vanquished. Voluntary challenges: You did not adorn yourself with jewelry or accessories. You did not cause conflict. You were not invisible. You did not have reflection. You were not displaced. You had been an atheist until turn 2015. You used a wielded weapon 101 times, starting on turn 6. You did not apply a unicorn horn. You did not use plumbed fixtures. You did not drink any magical draughts. You read items or engraved 1 time, starting on turn 3549. You never genocided any monsters. You never polymorphed an object. You never changed form. You used no wishes. You never split a pudding. You never wrote Elbereth's name. You violated your moral code, losing 5 points of alignment, starting on turn 1930. Dungeon overview: The Dungeons of Doom: levels 1 to 7 Level 1 a fountain a long staircase Level 2 a general store, a sink stairs to The Gnomish Mines Level 3 a scroll shop Level 4 an armor shop Level 5 (box + eye + vault + leprechaun + water) Level 6 <- You were here many fountains Level 7 an altar to Lugh The Gnomish Mines: Level 3 stairs to The Dungeons of Doom History has recorded: On T:1 you entered the Dungeons of Doom to retrieve the Amulet of Yendor! On T:171 you reached level 2 of The Dungeons of Doom. On T:549 you reached level 3 of The Dungeons of Doom. On T:670 you reached level 1 of The Gnomish Mines. On T:696 you advanced to experience level 2. On T:1060 you advanced to experience level 3. On T:1567 you reached level 4 of The Dungeons of Doom. On T:1573 you advanced to experience level 4. On T:1930 you advanced to experience level 5. On T:2015 you prayed to Lugh. On T:2346 you reached level 5 of The Dungeons of Doom. On T:2592 you reached level 6 of The Dungeons of Doom. On T:3116 you prayed to Lugh. On T:3153 you reached level 7 of The Dungeons of Doom. On T:3723 you advanced to experience level 6. Score breakdown: Gold: 24 ( 2 points) Experience: 6 levels ( 500 points) Exploration: 7 levels ( 180 points) Discoveries: 20 items ( 1000 points) Variety of kills: 25 monsters ( 1250 points) Major goal: (nothing yet) ( 0 points) Survival: died (score multiplied by 3) Total score: 8796 Latest messages: This goblin corpse tastes terrible! You finish eating the goblin corpse. You stop exploring. (3x) You have no ammunition readied! T - 3 blessed crude spears (in quiver). You fill your quiver: T - 3 blessed crude spears (in quiver). The crude spear hits it. The crude spear hits the giant beetle. You hit the giant beetle. The giant beetle bites! You hit the giant beetle. The giant beetle bites! You hit the giant beetle. The giant beetle bites! You hit the giant beetle. You hit the giant beetle! The giant beetle bites! You hit the giant beetle. The giant beetle bites! You hit the giant beetle. The giant beetle bites! You die... Final status: Goodbye woodfighter the Priestess, killed by a giant beetle... You died in The Dungeons of Doom on dungeon level 6 with 8796 points, and 24 pieces of gold, after 3779 moves. You were level 6 with a maximum of 45 hit points when you died.